 Dungeon Crawl Stone Soup version 0.30-a0-782-ge64f9170bb (webtiles) character file.

Game seed: 17624700322999250084

77 theswoord the Shooter (level 4, 0/37 HPs)
             Began as a Deep Elf Hunter on Feb 23, 2023.
             Slain by a black bear (5 damage)
             ... on level 4 of the Dungeon.
             The game lasted 00:02:37 (2179 turns).

theswoord the Shooter (Deep Elf Hunter)             Turns: 2179, Time: 00:02:38

Health: 0/37       AC: 22    Str: 10    XL:     4   Next: 14%
Magic:  6/6        EV:  2    Int: 14    God:
Gold:   181        SH:  0    Dex: 18    Spells: 1/3 levels left

rFire   . . .      SeeInvis .    a - +1 shortbow (heavy)
rCold   . . .      Faith    .    (shield currently unavailable)
rNeg    . . .      Spirit   .    (body armour currently unavailable)
rPois   +          Reflect  .    (helmet currently unavailable)
rElec   .          Harm     .    (cloak currently unavailable)
rCorr   .          Rampage  .    (gloves currently unavailable)
Will    .....      NoTele   +    (boots currently unavailable)
Stlth   ++                       (no amulet)
HPRegen 0.26/turn                (no ring)
MPRegen 0.10/turn                (no ring)

@: brilliant, tree-form
A: stationary, stasis, torment immunity, boosted hp
a: no special abilities


You were on level 4 of the Dungeon.
You were a tree.
You visited 1 branch of the dungeon, and saw 4 of its levels.

You collected 181 gold pieces.

Inventory:

Hand Weapons
 a - a +1 heavy shortbow (weapon)
Armour
 c - a +0 leather armour (melded)
 m - a scarf of invisibility (melded)
Wands
 q - a wand of iceblast (10)
Scrolls
 b - 2 scrolls of immolation
 h - a scroll of teleportation
 j - a scroll of blinking
 l - a scroll of magic mapping
Potions
 d - a potion of lignification
 e - a potion of haste {unknown}
 f - a potion of brilliance
 g - a potion of curing {unknown}
 i - 2 potions of cancellation {unknown}
 k - 2 potions of heal wounds {unknown}
 n - a potion of magic {unknown}
 p - a potion of flight {unknown}


   Skills:
 - Level 1.5 Fighting
 + Level 7.2 Ranged Weapons
 - Level 2.4 Dodging
 - Level 1.2 Stealth
 + Level 1.5 Transmutations


You had one spell level left.
You knew the following spells:

 Your Spells              Type           Power      Damage    Failure   Level
a - Wereblood             Tmut           6%         N/A       24%         2

Your spell library contained the following spells:

 Spells                   Type           Power      Damage    Failure   Level
 Beastly Appendage        Tmut           12%        N/A       16%         1
 Spider Form              Tmut/Pois      3%         N/A       54%         3


Dungeon Overview and Level Annotations

Branches:
Dungeon (4/15)
 Temple: D:4-7

Altars:
Makhleb
Wu Jian
Yredelemnul

Shops:
D:1 [::


Message History

No target in view!
As you read the scroll labelled DEUSU FEORE, it crumbles to dust.
Your body is wracked with pain!
It was a scroll of torment.
You now have 169 gold pieces (gained 7).
You now have 174 gold pieces (gained 5).
You now have 181 gold pieces (gained 7).
A black bear comes into view.
A black bear is nearby!
A black bear is nearby!
You shoot an arrow. The arrow hits the black bear!
No target in view!
You shoot an arrow. The arrow hits the black bear!
You shoot an arrow.
The arrow completely misses the black bear.
The black bear goes berserk!
You shoot an arrow. The arrow hits the black bear!
The black bear bites you! The black bear claws you. x2
* * * LOW HITPOINT WARNING * * *
You shoot an arrow.
The arrow hits the black bear but does no damage.
The black bear barely misses you. The black bear completely misses you.
The black bear claws you but does no damage.
The black bear bites you.
* * * LOW HITPOINT WARNING * * *
The black bear closely misses you. x2; The black bear misses you.
The black bear claws you.
* * * LOW HITPOINT WARNING * * *
The black bear closely misses you.
Really quaff the potion of lignification?
You turn into a tree.
Your scarf of invisibility melds into your body.
Your +0 leather armour melds into your body.
Your roots penetrate the ground.
The black bear bites you but does no damage.
The black bear claws you but does no damage. x2
It was a potion of brilliance.
You feel clever all of a sudden.
The black bear bites you but does no damage.
The black bear claws you.
You die...

.... ....
...# # #..#
#. #..#
#.##..#
#.....#####.
##.h.......
##..♣..####
##.......##
#.........#
+.........+
#.........#
##.......##
##.<...##
##...##
##+##


You could see a black bear (berserk).

Vanquished Creatures
  An orc wizard (D:3)
  2 dart slugs
  3 orcs
  4 ball pythons
  2 bats
  5 endoplasms (D:1)
  A giant cockroach (D:3)
  6 goblins
  5 hobgoblins
  6 kobolds
  2 quokkas (D:1)
  4 frilled lizards
  3 rats
44 creatures vanquished.

Notes
Turn   | Place    | Note
-------+----------+-------------------------------------------
     0 | D:1      | theswoord the Deep Elf Hunter began the quest for the Orb.
     0 | D:1      | Reached XP level 1. HP: 12/12 MP: 3/3
    63 | D:1      | Reached XP level 2. HP: 16/16 MP: 4/4
    69 | D:1      | Reached skill level 6 in Ranged Weapons
    83 | D:1      | Found Aclufoeq's Book Shop.
    96 | D:1      | Found Soshuestrua's Book Shoppe.
   317 | D:1      | Found Ciexis's Antique Armour Boutique.
   590 | D:2      | Reached XP level 3. HP: 20/20 MP: 5/5
  1288 | D:3      | Learned a level 2 spell: Wereblood
  1512 | D:3      | Reached skill level 7 in Ranged Weapons
  1512 | D:3      | Reached skill level 1 in Transmutations
  1512 | D:3      | Reached XP level 4. HP: 21/25 MP: 6/6
  1735 | D:3      | Found a burning altar of Makhleb.
  1792 | D:3      | Found a faded altar of an unknown god.
  2077 | D:3      | Found a basalt altar of Yredelemnul.
  2082 | D:3      | Found an ornate altar of the Wu Jian Council.
  2171 | D:4      | Noticed a black bear
  2179 | D:4      | Slain by a black bear

Skill      XL: |  1  2  3 |
---------------+----------+-----
Ranged Weapons | 6 7 |  7.2
Transmutations | 1 |  1.5
Fighting       | |  1.5
Dodging        | |  2.4
Stealth        | |  1.2

Action                     |  1- 3 |  4- 6 || total
---------------------------+-------+-------++-------
   Fire: Shortbow          |    83 |    13 ||    96
    Use: Scroll            |     7 |     2 ||     9
         Potion            |       |     2 ||     2
 Armour: Leather armour    |     3 |     1 ||     4
         Skin              |       |     4 ||     4
  Dodge: Dodged            |     9 |     6 ||    15

Levels and vault maps discovered:
D:1:      giann_bridges, layout_basic, serial_shops, nicolae_diamond_shop,
          nicolae_shop_trees, nicolae_shop_statue_plus
D:2:      layout_loops_ring, minmay_door_square, minmay_hedge_maze
D:3:      layout_loops_corners, mainiacjoe_overflow_small_starburst,
          mainiacjoe_overflow_big_doors, shapermc_ecumenical_altar_hornbeckon
D:4:      layout_loops_corners, mainiacjoe_overflow_six_doors_small,
          serial_shops, shop, serial_bayou, serial_bayou_lake_a,
          serial_bayou_pond_d, serial_bayou_pond_e, serial_bayou_pond_e
